 Dungeon Crawl Stone Soup version 0.30.0-10-gfe55d96785 (webtiles) character file.

Game seed: 8299429069887570411

75 SnakkuSnakku7 the Stinger (level 4, -3/21 HPs)
             Began as a Vine Stalker Venom Mage on May 14, 2023.
             Slain by a gnoll bouda
             ... wielding a +0 club
              (6 damage)
             ... on level 2 of the Dungeon.
             The game lasted 00:02:15 (1204 turns).

SnakkuSnakku7 the Stinger (Vine Stalker Venom Mage) Turns: 1204, Time: 00:02:16

Health: -3/21      AC:  2    Str: 10    XL:     4   Next: 31%
Magic:  0/8        EV: 12    Int: 15    God:
Gold:   162        SH:  0    Dex: 17    Spells: 6/7 levels left

rFire   . . .        a - +1 mace (holy)
rCold   . . .        (no shield)
rNeg    + . .        c - +0 robe
rPois   .            (no helmet)
rElec   .            (no cloak)
rCorr   .            (no gloves)
SInv    .            (no boots)
Will    +....        (no amulet)
Stlth   ++           i - ring of willpower
HPRegen 1.03/turn    l - ring of positive energy
MPRegen 0.11/turn

%: guardian spirit
@: weakened
A: fangs 2, regeneration 1, magic shield, antimagic bite, no potion heal 2
a: no special abilities


You were on level 2 of the Dungeon.
You visited 1 branch of the dungeon, and saw 3 of its levels.

You collected 162 gold pieces.

Inventory:

Hand Weapons
 a - a +1 mace of holy wrath (weapon)
 k - a +0 triple sword
Armour
 c - a +0 robe (worn)
 j - a +0 ring mail
Jewellery
 i - a ring of willpower (left hand)
 l - a ring of positive energy (right hand)
Scrolls
 d - a scroll of teleportation {unknown}
 e - 2 scrolls of identify {unknown}
 f - 2 scrolls of magic mapping {unknown}
 n - 2 scrolls of enchant armour {unknown}
Potions
 b - a potion of magic
 g - 2 potions of haste {unknown}
 h - a potion of brilliance {unknown}
 m - a potion of curing {unknown}
 o - a potion of mutation {unknown}
 p - a potion of might {unknown}
 q - a potion of flight {unknown}


   Skills:
 + Level 1.6 Long Blades
 - Level 1.3 Maces & Flails
 - Level 1.5 Dodging
 - Level 2.4 Stealth
 - Level 2.1 Spellcasting
 - Level 1.0 Transmutations
 + Level 4.1 Poison Magic


You had 6 spell levels left.
You knew the following spells:

 Your Spells              Type           Power      Damage    Failure   Level
a - Sting                 Tmut/Pois      36%        1d4       8%          1

Your spell library contained the following spells:

 Spells                   Type           Power      Damage    Failure   Level
 Poisonous Vapours        Pois/Air       14%        N/A       14%         2
 Mephitic Cloud           Conj/Pois/Air  5%         N/A       36%         3
 Olgreb's Toxic Radiance  Pois           14%        N/A       36%         4


Dungeon Overview and Level Annotations

Branches:
Dungeon (3/15)

Altars:


Innate Abilities, Weirdness & Mutations

You have extremely sharp teeth.
Your natural rate of healing is unusually fast.
When hurt, damage is shared between your health and your magic reserves.
Your bite disrupts and absorbs the magic of your enemies.
Potions cannot restore your health.


Message History

The gnolls pick up the pace!
There is a stone staircase leading up here.
You barely miss the gnoll bouda. You bite the gnoll bouda. You drain its power.
You feel invigorated.
The gnoll bouda is lightly wounded.
The gnoll bouda hits you with a +0 club!
The gnoll hits you from afar with a +0 spear.
You are too injured to fight recklessly!
You are too injured to fight recklessly!
You are too injured to fight recklessly!
There is a stone staircase leading up here.
The gnoll bouda completely misses you.
The gnoll hits you from afar with a +0 spear.
* * * LOW HITPOINT WARNING * * *
You climb upwards.
There is a stone staircase leading down here.
Unknown command.
The gnoll bouda attacks as you move away!
The gnoll bouda closely misses you.
The gnoll bouda attacks as you move away!
The gnoll bouda hits you with a +0 club.
The sting misses the gnoll bouda.
The gnoll bouda gazes fiercely through you!
You feel your attacks grow feeble. The gnoll bouda barely misses you.
You hit the gnoll bouda.
The gnoll bouda is moderately wounded.
The gnoll bouda hits you with a +0 club.
The gnoll bouda gazes fiercely through you!
You feel as though you will be weak longer.
The gnoll bouda closely misses you.
You hit the gnoll bouda but do no damage.
You bite the gnoll bouda, but do no damage.
The gnoll bouda is moderately wounded.
The gnoll bouda hits you with a +0 club!
* * * LOW HITPOINT WARNING * * *
You barely miss the gnoll bouda. Your bite misses the gnoll bouda.
The gnoll bouda is moderately wounded.
The gnoll bouda hits you with a +0 club.
You die...

#.#.#
##########.#.################
#........#.#..............†.#
#.######.#.#..#############.#
#.# #........##.##### #.# #.#
#.........#.....# #.#
#.####......#..#####.# #.#
#..................#.######.#
#.....##+#..@g.....>.........
#.>...##............)........
#.....####..........#........
#........'..........+........
##########..........#........
#...........................
#.##......############......
#.##......# ######.
#.##....^.# #†


You could see a gnoll bouda.

Vanquished Creatures
  2 adders (D:2)
  A gnoll (D:2)
  A dart slug (D:2)
  2 ball pythons
  5 bats
  3 endoplasms
  5 giant cockroaches
  5 goblins (D:1)
  8 jackals (D:2)
  3 quokkas (D:2)
  2 frilled lizards (D:2)
  2 kobolds (D:1)
  2 rats (D:2)
41 creatures vanquished.

Notes
Turn   | Place    | Note
-------+----------+-------------------------------------------
     0 | D:1      | SnakkuSnakku7 the Vine Stalker Venom Mage began the quest
                  | for the Orb.
     0 | D:1      | Reached XP level 1. HP: 9/9 MP: 4/4
   202 | D:1      | Found a faded altar of an unknown god.
   225 | D:1      | Reached XP level 2. HP: 13/13 MP: 6/6
   238 | D:1      | You fall into a shaft and drop 1 floor!
   281 | D:2      | Reached skill level 1 in Maces & Flails
   349 | D:2      | Reached XP level 3. HP: 9/16 MP: 4/7
   495 | D:2      | Reached skill level 1 in Long Blades
   770 | D:1      | Reached skill level 4 in Poison Magic
   770 | D:1      | Gained mutation: Your natural rate of healing is unusually
                  | fast. [Vine Stalker growth]
   770 | D:1      | Reached XP level 4. HP: 21/21 MP: 6/8
  1203 | D:2      | HP: 1/21 [gnoll bouda/+0 club (8)]
  1204 | D:2      | Slain by a gnoll bouda

Illustrated notes

Levels and vault maps discovered:
D:1:      nzn_arrival_water_spiral, layout_loops_cross,
          shapermc_ecumenical_altar_starsandcircs, minmay_cut_off
D:2:      layout_basic
D:3:      layout_basic, nzn_wu_jian_council_hall,
          lemuel_zombie_altar_yredelemnul, old_standard_altar,
          nicolae_grassy_gnolls

Skill      XL: |  1  2  3 |
---------------+----------+-----
Maces & Flails | 1 |  1.3
Long Blades    | 1 |  1.6
Poison Magic   | 4 |  4.1
Dodging        | |  1.5
Stealth        | |  2.4
Spellcasting   | |  2.1
Transmutations | |  1.0

Action                     |  1- 3 |  4- 6 || total
---------------------------+-------+-------++-------
  Melee: Mace              |    56 |    15 ||    71
         Bite              |     6 |     3 ||     9
         Punch             |     2 |       ||     2
   Cast: Sting             |    14 |     8 ||    22
   Stab: Sleeping          |       |     3 ||     3
 Armour: Robe              |    13 |     3 ||    16
  Dodge: Dodged            |    55 |    29 ||    84
